 Dungeon Crawl Stone Soup version 0.22-a0-368-g870eee8 (webtiles) character file.

390774 4thArraOfDagon the Metallomancer (level 22, -5/196 HPs)
             Began as a Troll Fire Elementalist on Apr 23, 2018.
             Was the Champion of Vehumet.
             Killed from afar by a deep elf sorcerer (24 damage)
             ... with damnation
             ... on level 5 of the Vaults.
             The game lasted 02:34:21 (29637 turns).

4thArraOfDagon the Metallomancer (TrFE)            Turns: 29637, Time: 02:34:22

Health: -5/196     AC: 12    Str: 22    XL:     22   Next: 9%
Magic:  31/38      EV: 12    Int: 21    God:    Vehumet [******]
Gold:   1203       SH: 14    Dex: 13    Spells: 8/47 levels left

rFire    . . .     SeeInvis .   p - staff of earth
rCold    + . .     Gourm    +   I - +3 shield of Understanding {Slay+2}
rNeg     . . .     Faith    .   n - +2 robe {Archmagi}
rPois    .         Spirit   .   S - +2 hat {Int+3}
rElec    +         Reflect  .   k - +2 cloak {+Inv}
rCorr    .         Harm     .   (gloves unavailable)
MR       .....                  (boots unavailable)
Stlth    +.........             U - amulet of Ziepef {RegenMP rC+ Dex+3}
HPRegen  0.82/turn              r - ring of wizardry
MPRegen  0.51/turn              P - +5 ring of slaying

@: lethally poisoned (-5 -> -6), vulnerable, very slightly contaminated, drained
A: large, unfitting armour, antennae 1, claws 3, talons 1, fast metabolism 3,
gourmand, regeneration 1, shaggy fur 1, electricity resistance, tough skin 2
}: 2/15 runes: decaying, serpentine
a: Renounce Religion, Evoke Invisibility


You were on level 5 of the Vaults.
You worshipped Vehumet.
Vehumet was exalted by your worship.
You were not hungry.

You visited 8 branches of the dungeon, and saw 40 of its levels.
You visited the Abyss 2 times.
You also visited: Ossuary and Ice Cave.

You collected 3868 gold pieces.
You spent 2665 gold pieces at shops.

Inventory:

Hand Weapons
 W - a +0 blowgun
Missiles
 y - 2 tomahawks of dispersal
 C - 16 curare-tipped needles
 H - a throwing net
 Y - 48 large rocks (quivered)
Armour
 k - a +2 cloak of invisibility (worn)
 n - a +2 robe of the Archmagi (worn)
 I - the +3 shield of Understanding (worn) {Slay+2}
   (You took it off Donald on level 4 of the Swamp)

   It affects your accuracy and damage with ranged weapons and melee attacks
   (+2).
 S - a +2 hat of intelligence (worn)
Magical Staves
 p - an uncursed staff of earth (weapon)
Jewellery
 e - an uncursed ring of see invisible
 j - a +4 ring of slaying
 r - a ring of wizardry (left claw)
 K - the ring "Zih Iqil" {rElec rF- rN+ MR+ Str+3}
   (You found it on level 6 of the Lair of Beasts)

   [ring of protection from magic]

   It affects your strength (+3).
   It makes you vulnerable to fire.
   It insulates you from electricity.
   It protects you from negative energy.
   It affects your resistance to hostile enchantments.
 L - an uncursed ring of fire
 P - a +5 ring of slaying (right claw)
 U - the amulet of Ziepef (around neck) {RegenMP rC+ Dex+3}
   (You took it off a deep elf high priest on level 3 of the Elven Halls)

   [amulet of magic regeneration]

   It increases your magic regeneration.
   It affects your dexterity (+3).
   It protects you from cold.
 V - an uncursed ring of resist corrosion
 Z - an uncursed ring of protection from cold
Wands
 u - a wand of paralysis (67)
 w - a wand of digging (13)
 E - a wand of flame (110)
 F - a wand of acid (15)
 Q - a wand of iceblast (36)
Scrolls
 b - 3 scrolls of fear
 i - 11 scrolls of amnesia
 l - 13 scrolls of remove curse
 m - 9 scrolls of fog
 t - 9 scrolls of teleportation
 z - a scroll of immolation
 A - 2 scrolls of blinking
 O - 9 scrolls of identify
 T - a scroll of holy word
 X - 3 scrolls of magic mapping
Potions
 a - 3 potions of heal wounds
 f - 3 potions of cancellation
 g - 8 potions of flight
 h - 4 potions of brilliance
 o - 2 potions of resistance
 q - 4 potions of berserk rage
 s - 17 potions of curing
 v - 2 potions of ambrosia
 x - 3 potions of agility
 B - 3 potions of invisibility
 D - 7 potions of magic
 M - 6 potions of haste
 N - 7 potions of might
Miscellaneous
 G - a box of beasts
 J - a lamp of fire
Comestibles
 c - 55 rations


   Skills:
 - Level 7.0(6.3) Fighting
 - Level 6.0(5.3) Dodging
 - Level 1.0(0.4) Stealth
 - Level 9.0(8.3) Shields
 - Level 15.0(14.2) Unarmed Combat
 + Level 13.4(12.6) Spellcasting
 - Level 4.0(3.4) Conjurations
 - Level 6.6(6.0) Transmutations
 - Level 4.7(4.0) Fire Magic
 * Level 22.5(21.6) Earth Magic


You had 8 spell levels left.
You knew the following spells:

 Your Spells              Type           Power        Failure   Level  Hunger
a - Regeneration          Chrm/Necr      ###.......   7%          3    None
b - Conjure Flame         Conj/Fire      #####...     1%          3    None
c - Sticky Flame          Conj/Fire      #####...     1%          4    None
d - Sandblast             Erth           ######       0%          1    None
e - Fireball              Conj/Fire      #####.....   4%          5    ####...
f - Iron Shot             Conj/Erth      #######...   1%          6    #####..
g - Statue Form           Tmut/Erth      ########.    1%          6    #####..
h - Shatter               Erth           ########..   10%         9    #######
i - Sublimation of Blood  Necr           ###.......   3%          2    None


Dungeon Overview and Level Annotations

Branches:
Dungeon (15/15)            Temple (1/1) D:6            Lair (6/6) D:11
  Swamp (4/4) Lair:2        Snake (4/4) Lair:3        Slime (0/5) Lair:5
    Orc (2/2) D:9             Elf (3/3) Orc:2        Vaults (5/5) D:13
  Crypt (0/3) Vaults:2
 Depths: D:15

Altars:
Ashenzari
Cheibriados
Dithmenos
Elyvilon
Fedhas
Gozag
Hepliaklqana
Kikubaaqudgha
Nemelex Xobeh
Okawaru
Qazlal
Ru
Sif Muna
Trog
Uskayaw
Vehumet
Wu Jian
Xom
Yredelemnul
Zin
The Shining One
Beogh
Jiyva

Shops:
Orc:2 !:}(   Elf:1 !!*   Elf:2 =   Elf:3 :   Snake:2 :?:[   Vaults:1 (
Vaults:3 :

Annotations:
D:14 Frances
D:15 Rupert
Lair:4 Zgarb's ghost, journeyman SpEn
Elf:2 1 runed door
Vaults:4 Mara


Innate Abilities, Weirdness & Mutations

You are too large for most types of armour.
You have claws for hands.
Your metabolism is lightning-fast.
You like to eat raw meat.
Your natural rate of healing is unusually fast.
You are covered in fur. (AC +1)
You have very tough skin. (AC +2)
You have a pair of small antennae on your head.
You have sharp toenails.
You are resistant to electric shocks. (rElec)


Message History

You are very lightly contaminated with residual magic.
As you read the scroll of blinking, it crumbles to dust.
A deep elf knight and 3 yaktaurs come into view.
You feel sick.
The yaktaur shouts! x3; The deep elf knight shouts!
The yaktaur hits you but does no damage.
The quicksilver dragon is engulfed in poison gas.
The quicksilver dragon is poisoned.
Found 6 needles of confusion and a scroll of remove curse.
Unknown command.
Blink to where?
Press: ? - help, Dir - move target cursor
As you read the scroll of blinking, it crumbles to dust.
A deep elf sorcerer comes into view. It is wielding a long sword.
You feel sick.
The deep elf sorcerer shouts!
The yaktaur wields an arbalest.
The yaktaur shoots a bolt.
You block the bolt.
The deep elf sorcerer casts a spell at you.
The sphere of damnation explodes!
The damnation engulfs you!
You die...

..).!p..(. ....[.Q[.c
..)[.§.).. .[[)§*....
.[<<§[.... )§D§<[.[..
[§W§§[.....
.§§§......########
.[.DD.....#..?..@#
..[[......#e...#..#
..........#...##...#
..........#..# #....#
...[c...)...####......
.c)c....c§......####...
...####c.#(...# .#:.
.e.# ..# ##. c...# #


You could see a deep elf sorcerer and a yaktaur.

Vanquished Creatures
  the Lernaean hydra (Swamp:4)
  Vashnia (Snake:4)
  Nikola (Swamp:1)
  Jory (Vaults:5)
  A lich (Vaults:2)
  The ghost of Thaneod the Severer, a veteran VSFi of the Shining One (Elf:3)
  2 deep elf blademasters (Elf:3)
  2 titans (Vaults:5)
  2 deep elf master archers (Elf:3)
  2 tentacled starspawn (Abyss:3)
  The ghost of Vajrapani the Unseen, an adept OpHu of Gozag (Elf:1)
  A sphinx (Vaults:1)
  3 tengu reavers
  Donald (Swamp:4)
  2 thorn hunters
  8 nagarajas (Snake:4)
  The ghost of SakhabievAskhat the Martial Artist, an adept GnTm of Cheibriados (Swamp:1)
  6 deep elf sorcerers
  3 deep elf elementalists (Elf:3)
  7 vault wardens
  11 ironheart preservers
  A ghoul (Vaults:2)
  12 stone giants
  An entropy weaver (Vaults:3)
  2 very ugly things (Vaults:2)
  8 deep elf demonologists
  Azrael (Snake:1)
  11 deep elf annihilators
  3 ettins
  4 deep elf death magi
  An eidolon (Vaults:2)
  7 yaktaur captains
  2 fire dragons
  2 ice dragons
  A rakshasa (Vaults:3)
  6 deep elf high priests
  A great orb of eyes (Abyss:3)
  22 naga warriors
  34 vault guards
  Erolcha (Orc:1)
  2 ghost crabs
  4 catoblepae
  26 hydras
  7 centaur warriors
  A death knight (Vaults:2)
  21 two-headed ogres
  14 ogre magi
  12 alligators
  13 anacondas
  21 dancing weapons
  5 death yaks (Lair:6)
  A vampire mage (Vaults:2)
  9 shock serpents
  13 naga sharpshooters
  4 hell knights (Vaults:3)
  3 thrashing horrors (Abyss:3)
  2 wretched stars (Abyss:3)
  14 deep elf knights
  A sixfirhy (Abyss:3)
  5 salamander mystics
  3 skeletal warriors (D:13)
  3 shadow wraiths
  A deep troll (Vaults:5)
  4 sea snakes (Snake:2)
  2 glowing orange brains
  4 wizards
  3 unseen horrors
  2 phantasmal warriors
  2 flayed ghosts
  12 ironbrand convokers
  6 naga ritualists
  13 swamp dragons
  14 deep elf archers
  2 shambling mangroves
  4 lindwurms (Snake:4)
  6 orc knights
  A harpy (shapeshifter) (Elf:1)
  Pikel (D:4)
  2 wolf spiders
  14 mana vipers
  67 deep elf magi
  4 necromancers
  16 ugly things
  A faun (shapeshifter) (Vaults:1)
  16 slime creatures
  7 orc sorcerers
  13 salamanders
  4 manticores
  A glowing shapeshifter (Elf:3)
  4 starcursed masses (Abyss:3)
  4 cyclopes
  10 elephants
  An apocalypse crab (Abyss:3)
  A guardian serpent (shapeshifter) (Vaults:1)
  29 black mambas
  3 centaur zombies
  31 naga magi
  A smoke demon (Abyss:3)
  An ice statue (IceCv)
  2 gargoyles
  11 guardian serpents
  2 orange demons (Abyss:3)
  16 spiny frogs
  11 vault sentinels
  A torpor snail (Lair:5)
  A spiny frog (shapeshifter) (Vaults:4)
  3 large abominations (Abyss:3)
  3 komodo dragons
  25 yaktaurs
  15 freezing wraiths
  3 rime drakes
  2 tengu conjurers (Vaults:2)
  An ancient zyme (Abyss:3)
  2 ice devils (Lair:1)
  3 efreet
  A redback zombie (D:13)
  A meliai (shapeshifter) (D:15)
  A polar bear (shapeshifter) (Vaults:2)
  A polar bear (Lair:5)
  8 tyrant leeches
  Prince Ribbit (D:7)
  6 trolls
  8 hornets
  A troll (shapeshifter) (Vaults:3)
  33 blink frogs
  5 raiju (Abyss:3)
  7 hippogriffs
  4 bog bodies
  2 water elementals
  A snapping turtle (shapeshifter) (Vaults:3)
  3 spriggans
  4 centaur simulacra
  A redback (Vaults:3)
  47 yaks
  3 shadows
  Sigmund (D:5)
  2 fire elementals
  3 wyverns
  5 wraiths
  2 vampires
  21 humans
  4 basilisks
  2 hogs (D:11)
  18 vampire mosquitoes
  A death yak simulacrum (IceCv)
  2 chaos spawn (Abyss:3)
  A neqoxec (Abyss:3)
  3 hungry ghosts
  8 wargs
  12 insubstantial wisps
  Menkaure (D:4)
  16 swamp worms
  55 nagas
  3 small abominations (Abyss:3)
  7 water moccasins
  A swamp worm (shapeshifter) (Vaults:5)
  Duvessa (D:7)
  2 acid dragons
  5 porcupines
  3 hell hounds (Snake:1)
  13 swamp drakes
  23 orc warriors
  3 hornet zombies
  4 phantoms
  A black bear (Lair:3)
  11 ice beasts
  An eye of draining (D:9)
  2 alligator simulacra (IceCv)
  43 ogres
  2 necrophages
  3 sky beasts
  6 boggarts
  18 wolves
  7 centaurs
  14 crocodiles
  3 earth elementals
  3 wyvern zombies
  2 big kobolds
  21 bullfrogs
  Dowan (D:7)
  A glowing shapeshifter simulacrum (Vaults:3)
  5 scorpions
  3 killer bees (D:7)
  11 electric eels
  3 howler monkeys
  5 crimson imps
  5 bullfrog zombies
  A human simulacrum (Vaults:3)
  4 draconian simulacra (IceCv)
  An iron imp (Abyss:3)
  4 hounds
  2 jellies
  5 centaur skeletons
  15 orc priests
  Crazy Yiuf (D:4)
  A bullfrog skeleton (D:13)
  Jessica (D:3)
  2 iguanas
  Terence (D:2)
  43 orc wizards
  Natasha (thrice) (D:3)
  A polar bear simulacrum (IceCv)
  4 troll simulacra (IceCv)
  A spriggan simulacrum (IceCv)
  6 worker ants
  A killer bee zombie (Ossuary)
  2 hound skeletons (D:6)
  16 mummies
  Robin (D:3)
  A worker ant zombie (D:11)
  16 adders
  A howler monkey skeleton (D:4)
  5 naga simulacra (IceCv)
  3 ogre simulacra (IceCv)
  A shadow imp (D:9)
  15 white imps
  An ufetubus (Abyss:3)
  3 oozes
  An adder zombie (Ossuary)
  2 adder skeletons (D:4)
  3 worms
  2 dart slugs
  5 leopard geckos
  105 orcs
  5 giant cockroaches
  11 hobgoblins
  9 jackals
  4 quokkas
  2 ball pythons
  A ball python skeleton (D:6)
  10 frilled lizards
  9 goblins
  A jackal zombie (Ossuary)
  32 kobolds
  A kobold zombie (D:6)
  2 leopard gecko zombies
  An orc zombie (D:6)
  A quokka zombie (Ossuary)
  6 rats
  A fungus (Lair:5)
  A plant (Lair:6)
1678 creatures vanquished.

Vanquished Creatures (collateral kills)
  A komodo dragon (Swamp:1)
1 creature vanquished.

Vanquished Creatures (others)
  An ironheart preserver (Vaults:2)
  A hydra (Swamp:3)
  A two-headed ogre (D:15)
  A deep elf mage (Elf:1)
  2 vampire mosquitoes (Swamp:1)
  A naga (Snake:4)
  An ogre (D:13)
  A fire vortex (Elf:1)
  A fungus (Lair:1)
  21 plants
  8 starspawn tentacles (Abyss:3)
  3 withered plants (Ossuary)
42 creatures vanquished.

Grand Total: 1721 creatures vanquished

Notes
Turn   | Place    | Note
-------+----------+-------------------------------------------
     0 | D:1      | 4thArraOfDagon the Troll Fire Elementalist began the quest for the Orb.
     0 | D:1      | Reached XP level 1. HP: 16/16 MP: 1/1
    66 | D:2      | Reached skill level 1 in Conjurations
    71 | D:2      | Reached XP level 2. HP: 24/24 MP: 2/2
   301 | D:2      | Noticed Terence
   309 | D:2      | Killed Terence
   309 | D:2      | Reached skill level 1 in Unarmed Combat
   309 | D:2      | Reached XP level 3. HP: 18/32 MP: 4/4
   363 | D:2      | Found a glowing golden altar of the Shining One.
   474 | D:3      | Reached XP level 4. HP: 24/40 MP: 5/5
   485 | D:3      | Learned a level 3 spell: Conjure Flame
   492 | D:3      | Found an opulent altar of Gozag.
   630 | D:4      | Reached skill level 1 in Fighting
   630 | D:4      | Reached XP level 5. HP: 19/48 MP: 6/6
   725 | D:4      | Noticed Menkaure
   753 | D:5      | Entered Level 5 of the Dungeon
   896 | D:5      | Noticed an ogre
   902 | D:5      | Reached XP level 6. HP: 55/55 MP: 7/7
   903 | D:5      | Noticed Sigmund
   932 | D:5      | Killed Sigmund
   965 | D:5      | Reached XP level 7. HP: 26/63 MP: 9/9
  1336 | D:6      | Noticed a two-headed ogre
  1357 | D:6      | Learned a level 4 spell: Sticky Flame
  1420 | D:6      | Found a shattered altar of Ashenzari.
  1459 | D:6      | Found a shimmering altar of Xom.
  1488 | D:6      | Found a staircase to the Ecumenical Temple.
  1496 | Temple   | Entered the Ecumenical Temple
  1533 | Temple   | Became a worshipper of Vehumet
  1567 | D:6      | Found a sand-covered staircase.
  1576 | Ossuary  | Entered an ossuary
  1591 | Ossuary  | Reached XP level 8. HP: 70/70 MP: 10/10
  1706 | Ossuary  | Reached * piety under Vehumet
  1706 | Ossuary  | Offered knowledge of Shock by Vehumet.
  2061 | D:4      | Reached skill level 5 in Unarmed Combat
  2089 | D:4      | Reached ** piety under Vehumet
  2089 | D:4      | Offered knowledge of Sandblast by Vehumet.
  2444 | D:1      | Learned a level 1 spell: Sandblast
  3159 | D:3      | Noticed Natasha
  3166 | D:3      | Killed Natasha
  3209 | D:3      | Noticed Natasha
  3215 | D:3      | Killed Natasha
  3221 | D:3      | Noticed Robin
  3234 | D:3      | Killed Robin
  3248 | D:3      | Offered knowledge of Searing Ray by Vehumet.
  3296 | D:3      | Noticed Natasha
  3302 | D:3      | Killed Natasha
  3302 | D:3      | Reached skill level 1 in Earth Magic
  3448 | D:3      | Noticed Jessica
  3450 | D:3      | Killed Jessica
  3557 | D:4      | Found a runed door.
  3561 | D:4      | Noticed Crazy Yiuf
  3570 | D:4      | Killed Crazy Yiuf
  3618 | D:4      | Killed Menkaure
  3624 | D:4      | Reached *** piety under Vehumet
  3768 | D:4      | Reached skill level 2 in Earth Magic
  3768 | D:4      | Reached XP level 9. HP: 75/81 MP: 12/12
  3786 | D:4      | Noticed Pikel
  3801 | D:4      | Killed Pikel
  4236 | D:5      | Found a blossoming altar of Fedhas.
  4238 | D:5      | Found an ancient bone altar of Kikubaaqudgha.
  4507 | D:6      | Found a snail-covered altar of Cheibriados.
  4552 | D:6      | Reached skill level 3 in Earth Magic
  4753 | D:6      | Killed a two-headed ogre
  4848 | D:7      | Reached skill level 4 in Earth Magic
  4873 | D:7      | Noticed Prince Ribbit
  4878 | D:7      | Killed Prince Ribbit
  4959 | D:7      | Noticed Duvessa
  4959 | D:7      | Noticed Dowan
  4974 | D:7      | Killed Duvessa
  4978 | D:7      | Killed Dowan
  5010 | D:7      | Found a deep blue altar of Sif Muna.
  5025 | D:7      | Offered knowledge of Throw Icicle by Vehumet.
  5044 | D:7      | Reached XP level 10. HP: 86/92 MP: 9/14
  5449 | D:8      | Reached **** piety under Vehumet
  5556 | D:8      | Offered knowledge of Force Lance by Vehumet.
  5600 | D:8      | Found an ornate altar of the Wu Jian Council.
  5615 | D:8      | Reached skill level 5 in Earth Magic
  5787 | D:8      | Gained mutation: You are frail. (-10% HP) [potion of mutation]
  5787 | D:8      | Gained mutation: You are very frail. (-20% HP) [potion of mutation]
  5787 | D:8      | Gained mutation: You are weak. (Str -2) [potion of mutation]
  5787 | D:8      | Gained mutation: You are resistant to electric shocks. (rElec) [potion of mutation]
  5860 | D:9      | Noticed a two-headed ogre
  5873 | D:9      | Killed a two-headed ogre
  5985 | D:9      | Learned a level 5 spell: Fireball
  6008 | D:9      | Reached skill level 6 in Earth Magic
  6113 | D:9      | Noticed a two-headed ogre
  6131 | D:9      | HP: 2/75 [two-headed ogre/giant spiked club (23)]
  6133 | D:9      | Killed a two-headed ogre
  6133 | D:9      | Reached skill level 5 in Fighting
  6133 | D:9      | Reached XP level 11. HP: 4/81 MP: 16/16
  6229 | D:10     | Entered Level 10 of the Dungeon
  6447 | D:10     | Reached ***** piety under Vehumet
  6455 | D:10     | Offered knowledge of Bolt of Draining by Vehumet.
  6482 | D:10     | Found a snail-covered altar of Cheibriados.
  6671 | D:9      | Found a staircase to the Orcish Mines.
  7024 | D:11     | Found a staircase to the Lair.
  7201 | D:11     | Reached skill level 7 in Earth Magic
  7432 | D:11     | Noticed a two-headed ogre
  7445 | D:11     | Killed a two-headed ogre
  7445 | D:11     | Reached skill level 5 in Dodging
  7691 | D:12     | Noticed a five-headed hydra
  7706 | D:12     | Killed a five-headed hydra
  7706 | D:12     | Reached skill level 10 in Unarmed Combat
  7843 | D:12     | Noticed a centaur warrior
  7853 | D:12     | Noticed a green ugly thing
  7856 | D:12     | Killed a centaur warrior
  7861 | D:12     | Killed a green ugly thing
  7861 | D:12     | Reached skill level 8 in Earth Magic
  7908 | D:13     | Noticed a green ugly thing
  7913 | D:13     | Killed a green ugly thing
  7913 | D:13     | Offered knowledge of Iskenderun's Battlesphere by Vehumet.
  7913 | D:13     | Reached XP level 12. HP: 83/91 MP: 11/18
  8168 | D:13     | Reached skill level 5 in Spellcasting
  8467 | D:13     | Reached skill level 9 in Earth Magic
  8512 | D:13     | Noticed a vault guard
  8551 | D:13     | Killed a vault guard
  8575 | D:13     | Noticed a vault guard
  8586 | D:13     | Killed a vault guard
  8614 | D:13     | Noticed a vault guard
  8632 | D:13     | Killed a vault guard
  8658 | D:13     | Found a gate to the Vaults.
  8897 | D:13     | Reached XP level 13. HP: 86/98 MP: 20/20
  9233 | D:14     | Noticed Frances
  9319 | D:14     | Reached skill level 10 in Earth Magic
  9439 | D:14     | Got a warped trident
  9456 | D:14     | Identified the +5 trident of Gluttony {drain, Fragile rF+ Str+4} (You found it on level 14 of the Dungeon)
  9636 | D:15     | Entered Level 15 of the Dungeon
  9696 | D:15     | Noticed Rupert
  9747 | D:15     | Offered knowledge of Bolt of Magma by Vehumet.
  9882 | D:15     | Reached skill level 11 in Earth Magic
  9936 | D:15     | Paralysed by Rupert for 6 turns
 10177 | Orc:1    | Entered Level 1 of the Orcish Mines
 10249 | Orc:1    | Found a radiant altar of Vehumet.
 10454 | Orc:1    | Found a roughly hewn altar of Beogh.
 10537 | Orc:1    | Noticed Erolcha
 10548 | Orc:1    | Killed Erolcha
 10725 | Orc:2    | Entered Level 2 of the Orcish Mines
 10949 | Orc:2    | Found a staircase to the Elven Halls.
 11197 | Orc:2    | Found Bugiomu's Distillery.
 11213 | Orc:2    | Bought 2 potions of curing for 78 gold pieces
 11213 | Orc:2    | Bought a potion of resistance for 130 gold pieces
 11213 | Orc:2    | Bought 2 potions of magic for 208 gold pieces
 11213 | Orc:2    | Bought a potion of curing for 39 gold pieces
 11213 | Orc:2    | Bought a potion of heal wounds for 65 gold pieces
 11265 | Orc:2    | Found an ancient bone altar of Kikubaaqudgha.
 11306 | Orc:2    | Offered knowledge of Freezing Cloud by Vehumet.
 11307 | Orc:2    | Found Akuheg's Gadget Boutique.
 11342 | Orc:2    | Reached XP level 14. HP: 78/106 MP: 19/22
 11344 | Orc:2    | Reached ****** piety under Vehumet
 11377 | Orc:2    | Found a radiant altar of Vehumet.
 11415 | Orc:2    | Paralysed by an orc sorcerer for 4 turns
 11490 | Orc:2    | Found a roughly hewn altar of Beogh.
 11515 | Orc:2    | Found Zyukhax's Book Boutique.
 11572 | Orc:2    | Found Yfuskint's Antique Weapon Shop.
 11796 | Lair:1   | Entered Level 1 of the Lair of Beasts
 11843 | Lair:1   | Found a frozen archway.
 11865 | IceCv    | Entered an ice cave
 12239 | IceCv    | Found an ancient bone altar of Kikubaaqudgha.
 12589 | IceCv    | Reached skill level 12 in Earth Magic
 13015 | Lair:1   | Offered knowledge of Bolt of Fire by Vehumet.
 13192 | Lair:2   | Found a staircase to the Swamp.
 13627 | Lair:3   | Found a staircase to the Snake Pit.
 14022 | Lair:4   | Noticed Zgarb's ghost (journeyman SpEn)
 14183 | Lair:4   | Learned a level 3 spell: Regeneration
 14371 | Lair:4   | Found an ancient bone altar of Kikubaaqudgha.
 14676 | Lair:5   | Found a viscous altar of Jiyva.
 14677 | Lair:5   | Found a staircase to the Slime Pits.
 14849 | Lair:4   | Identified the +8 rapier "Jelly's Nightmare" {freeze, +Fly rF+ Str+3} (You found it on level 4 of the Lair of Beasts)
 14969 | Lair:6   | Entered Level 6 of the Lair of Beasts
 15033 | Lair:5   | Reached skill level 13 in Earth Magic
 15047 | Lair:5   | Reached XP level 15. HP: 23/112 MP: 9/24
 15577 | Lair:6   | Reached skill level 15 in Unarmed Combat
 15585 | Lair:6   | Offered knowledge of Iron Shot by Vehumet.
 15631 | Lair:6   | Learned a level 6 spell: Iron Shot
 16172 | Lair:6   | Learned a level 6 spell: Statue Form
 16221 | Lair:6   | Reached skill level 14 in Earth Magic
 16262 | Lair:6   | Reached skill level 1 in Transmutations
 16292 | Lair:6   | Identified the ring "Zih Iqil" {rElec rF- rN+ MR+ Str+3} (You found it on level 6 of the Lair of Beasts)
 16561 | Elf:1    | Entered Level 1 of the Elven Halls
 16800 | Orc:2    | Bought a wand of digging (12) for 576 gold pieces
 17025 | Elf:1    | Found Erumiewo's Assorted Antiques.
 17044 | Elf:1    | Bought a scroll labeled UTOECK ADAVERR for 32 gold pieces
 17105 | Elf:1    | Found Kuhysuar's Distillery.
 17114 | Elf:1    | Bought a potion of brilliance for 56 gold pieces
 17114 | Elf:1    | Bought a potion of agility for 56 gold pieces
 17114 | Elf:1    | Bought a potion of curing for 42 gold pieces
 17114 | Elf:1    | Bought a potion of might for 56 gold pieces
 17114 | Elf:1    | Bought a potion of curing for 42 gold pieces
 17114 | Elf:1    | Bought a potion of brilliance for 56 gold pieces
 17276 | Elf:1    | Noticed Vajrapani's ghost (adept OpHu)
 17288 | Elf:1    | Killed Vajrapani's ghost
 17288 | Elf:1    | Offered knowledge of Conjure Ball Lightning by Vehumet.
 17457 | Elf:1    | Found Eqap's Distillery.
 17477 | Elf:1    | Bought a potion of magic for 136 gold pieces
 17477 | Elf:1    | Bought a potion of haste for 170 gold pieces
 17667 | Elf:1    | Reached skill level 5 in Transmutations
 17676 | Elf:1    | Reached XP level 16. HP: 114/119 MP: 11/27
 17860 | Elf:2    | Found Kameraup's Jewellery Shoppe.
 18069 | Elf:3    | Entered Level 3 of the Elven Halls
 18386 | Elf:3    | Found Iffiutuv's Book Shop.
 18714 | Elf:3    | Cast into level 3 of the Abyss (a deep elf sorcerer)
 18844 | Elf:3    | Escaped the Abyss
 18906 | Elf:3    | Noticed a deep elf blademaster
 18920 | Elf:3    | Killed a deep elf blademaster
 19050 | Elf:3    | Got a faintly glowing pewter amulet
 19206 | Elf:3    | Offered knowledge of Lehudib's Crystal Spear by Vehumet.
 19206 | Elf:3    | Offered knowledge of Fire Storm by Vehumet.
 19206 | Elf:3    | Offered knowledge of Ignition by Vehumet.
 19206 | Elf:3    | Reached skill level 15 in Earth Magic
 19254 | Elf:3    | Noticed a deep elf master archer
 19404 | Elf:3    | Killed a deep elf master archer
 19520 | Elf:3    | Reached XP level 17. HP: 124/124 MP: 22/29
 19582 | Elf:3    | Identified the amulet of Ziepef {RegenMP rC+ Dex+3} (You took it off a deep elf high priest on level 3 of the Elven Halls)
 19628 | Elf:3    | Noticed Thaneod's ghost (veteran VSFi)
 19650 | Elf:3    | Killed Thaneod's ghost
 19688 | Elf:3    | Noticed a deep elf blademaster
 19702 | Elf:3    | Killed a deep elf blademaster
 19764 | Elf:3    | Got a slimy jade ring
 19771 | Elf:3    | Noticed a deep elf master archer
 19780 | Elf:3    | Killed a deep elf master archer
 19827 | Elf:3    | Identified the ring of Ofuestoi {+Fly rF+ Int+3 Slay-4} (You took it off a deep elf death mage on level 3 of the Elven Halls)
 19845 | Elf:3    | Identified Egompeck's Compendium of Icy Hexes
 19866 | Elf:3    | Identified Luschiuxo's Volume of Blistering Curses
 19871 | Elf:3    | Identified the Guide on the Feathery Rocks
 19874 | Elf:3    | Identified Futam's Tome of Cold and Translocation
 19986 | Elf:2    | Reached skill level 10 in Spellcasting
 19996 | Elf:2    | Cast into level 3 of the Abyss (glaive of distortion)
 20023 | Abyss:3  | Reached skill level 16 in Earth Magic
 20191 | Abyss:3  | Found a corrupted altar of Lugonu.
 20498 | Abyss:3  | Gained mutation: You possess an exceptional clarity of mind. [a neqoxec]
 20529 | Elf:2    | Escaped the Abyss
 20607 | Elf:2    | Noticed a Hell Sentinel
 20674 | Elf:2    | Found a runed door.
 21044 | Swamp:1  | Entered Level 1 of the Swamp
 21061 | Swamp:1  | Noticed SakhabievAskhat's ghost (adept GnTm)
 21159 | Lair:2   | Reached skill level 17 in Earth Magic
 21311 | Swamp:1  | Killed SakhabievAskhat's ghost
 21316 | Swamp:1  | rip bud
 21392 | Swamp:1  | Noticed Nikola
 21440 | Swamp:1  | Killed Nikola
 21530 | Swamp:1  | Reached XP level 18. HP: 132/132 MP: 29/31
 22135 | Swamp:2  | Lost mutation: You possess an exceptional clarity of mind. [potion of mutation]
 22135 | Swamp:2  | Lost mutation: You are very frail. (-20% HP) [potion of mutation]
 22135 | Swamp:2  | Lost mutation: You are frail. (-10% HP) [potion of mutation]
 22135 | Swamp:2  | Lost mutation: You are weak. (Str -2) [potion of mutation]
 22135 | Swamp:2  | Gained mutation: You have sharp toenails. [potion of mutation]
 22135 | Swamp:2  | Gained mutation: You have a pair of small antennae on your head. [potion of mutation]
 22429 | Swamp:4  | Entered Level 4 of the Swamp
 22434 | Swamp:4  | Reached skill level 18 in Earth Magic
 22654 | Swamp:4  | Noticed Donald
 22668 | Swamp:4  | Killed Donald
 22670 | Swamp:4  | Identified the +3 shield of Understanding {Slay+2} (You took it off Donald on level 4 of the Swamp)
 22782 | Swamp:4  | Reached skill level 1 in Shields
 22795 | Swamp:4  | Noticed the 27-headed Lernaean hydra
 22797 | Swamp:4  | Killed the 27-headed Lernaean hydra
 22883 | Swamp:4  | Got a decaying rune of Zot
 23080 | Snake:1  | Entered Level 1 of the Snake Pit
 23210 | Snake:1  | Noticed Azrael
 23631 | Snake:1  | Killed Azrael
 23941 | Snake:2  | Reached XP level 19. HP: 171/171 MP: 33/33
 24101 | Snake:2  | Found Wiah's Antique Armour Boutique.
 24101 | Snake:2  | Found Qoosis's Book Shop.
 24102 | Snake:2  | Found Biakaymm's Book Boutique.
 24104 | Snake:2  | Found Apebbiory's Magic Scroll Shop.
 24109 | Snake:2  | Bought a glowing hat for 154 gold pieces
 24119 | Snake:2  | Bought a scroll of teleportation for 54 gold pieces
 24122 | Snake:2  | Bought a book of the Earth for 715 gold pieces
 24132 | Snake:2  | Learned a level 9 spell: Shatter
 24154 | Snake:2  | Reached skill level 5 in Shields
 24184 | Snake:2  | jacquesderrida: Dagan
 24802 | Snake:3  | Reached skill level 19 in Earth Magic
 24925 | Snake:4  | Entered Level 4 of the Snake Pit
 24946 | Snake:4  | Oozefury: hi guys!
 24947 | Snake:4  | Found a deep blue altar of Sif Muna.
 24990 | Snake:4  | jacquesderrida: Helo...
 25090 | Snake:4  | Noticed Vashnia
 25103 | Snake:4  | Killed Vashnia
 26125 | Snake:4  | Reached XP level 20. HP: 180/180 MP: 34/34
 26265 | Snake:4  | Got a serpentine rune of Zot
 26433 | Snake:3  | Learned a level 2 spell: Sublimation of Blood
 26747 | Vaults:1 | Entered Level 1 of the Vaults
 27066 | Vaults:1 | Reached skill level 20 in Earth Magic
 27105 | Vaults:1 | Found Adylil's Antique Weapon Boutique.
 28061 | Vaults:2 | Found a staircase to the Crypt.
 28294 | Vaults:2 | Found a radiant altar of Vehumet.
 28299 | Vaults:2 | Reached skill level 21 in Earth Magic
 28303 | Vaults:2 | Identified the +1 hat of Lugonu's Generosity {*Slow rC++} (You found it on level 2 of the Vaults)
 28309 | Vaults:2 | Identified the +1 hat of Decompression {SInv} (You found it on level 2 of the Vaults)
 28310 | Vaults:2 | :
 28442 | Vaults:3 | Reached XP level 21. HP: 187/187 MP: 36/36
 28490 | Vaults:3 | Found Derut's Book Shoppe.
 29144 | Vaults:4 | Noticed Mara
 29149 | Vaults:4 | Noticed 4thArraOfDagon's illusion
 29539 | Vaults:5 | Entered Level 5 of the Vaults
 29541 | Vaults:5 | Reached skill level 22 in Earth Magic
 29629 | Vaults:5 | Noticed Jory
 29633 | Vaults:5 | Killed Jory
 29633 | Vaults:5 | Reached XP level 22. HP: 196/196 MP: 33/38
 29636 | Vaults:5 | what?
 29637 | Vaults:5 | Killed from afar by a deep elf sorcerer

Vault maps used:
D:1:      lemuel_arrival_cross
D:2:      tso_oasis_becter, first_ration, uniq_terence
D:3:      nicolae_gozag_seed_capital, serial_glass, glass_columns_a,
          glass_columns_b, glass_columns_c, glass_columns_b, glass_columns_a,
          glass_columns_a, glass_columns_b, glass_columns_b, glass_columns_b,
          glass_columns_a, uniq_natasha, uniq_robin, uniq_jessica
D:4:      kennysheep_kobold_camp, uniq_pikel, uniq_crazy_yiuf_cottage,
          uniq_menkaure
D:5:      grunt_temple_overflow_growth_and_decay, uniq_sigmund
D:6:      lemuel_crystal_altar, lemuel_crystal_altar,
          minmay_temple_entry_glassed_door, nicolae_ossuary_entry_giza,
          basic_altar, minmay_misc_feat_diagonals
D:7:      kennysheep_mini_moat, uniq_duvessa, uniq_prince_ribbit1
D:8:      lemuel_crystal_altar
D:9:      hiddenorc2_lemuel
D:10:     basic_altar
D:11:     erik_lair_orcish_takeover, grunt_livestock
D:13:     grunt_vaults_entry_tiered, minmay_misc_feat_rugged
D:14:     serial_glass, glass_columns_a, glass_columns_c, glass_columns_a,
          glass_columns_a, glass_columns_c, glass_columns_c,
          minmay_misc_feat_tower, uniq_frances
D:15:     hangedman_depths_entry_try_elsewhere_first, solitary_fountain,
          pf_eden, uniq_rupert
Temple:   eino_temple_water
Lair:1:   portal_ice_cave_demonic_guard
Lair:2:   swamp_mist_pool
Lair:3:   dummy_snake_entry
Lair:4:   basic_altar, grunt_megastairs_3, serial_bayou_shore_b,
          infiniplex_staircase_pool
Lair:5:   dpeg_slime_entry_enclosed_altar
Lair:6:   evilmike_catoblepas_cave, minmay_lair_oklob_items,
          serial_bayou_shore_b, infiniplex_staircase_pool_2, lemuel_fruit_tree,
          serial_bayou_shore_b, grunt_megastairs_5
Swamp:1:  evilmike_swamp_ruin_rubble_1, uniq_nikola
Swamp:2:  evilmike_swamp_ruin_house_2
Swamp:3:  evilmike_swamp_ruin_wall
Swamp:4:  swamp_old_school, uniq_donald
Snake:1:  nicolae_snake_shapes, grunt_megastairs_1, uniq_azrael, uniq_aizul
Snake:2:  st_stairs_7, guppyfry_snake_island, minmay_shoptagon,
          serial_bayou_shore_a
Snake:4:  snake_pit_salamanders_mu, basic_altar, st_stairs_7, uniq_vashnia
Orc:1:    basic_altar, nicolae_orc_flooded_monolith, mines1_david, uniq_erolcha
Orc:2:    kennysheep_orc_mage_school
Elf:1:    eino_elf_arrival_sip, serial_shops, nicolae_shop_statue_plus, shop,
          nicolae_shop_trees, minivault_28
Elf:2:    serial_shops, nicolae_shop_stone, minivault_19
Elf:3:    minmay_elf_hall_curves, serial_shops, shop, stair_cage_line,
          guppyfry_library_mini
Vaults:1: hangedman_vaults_trim, nicolae_vaults_little_squares_5,
          hangedman_vaults_variations, v_misc_26, hangedman_vaults_capsules,
          grunt_vaults_trifunnel, nicolae_vaults_ninety_degrees,
          nicolae_vaults_shelves_hall, vaults_dpeg_spiral,
          nicolae_vaults_shelves_hall, nicolae_vaults_ring_of_whatevers,
          nicolae_vaults_ring_of_whatevers, serial_shops, nicolae_shop_stone
Vaults:2: grunt_tower_of_power, minmay_crypt_entry_simple_box, v_rooms_3,
          nicolae_vaults_specimen_jars, v_alt_pattern_4,
          hangedman_vaults_stream, ontoclasm_vaults_loading_screen,
          ontoclasm_vaults_eye, nicolae_vaults_windows_and_doors_thing,
          vaults_room_grunt_arrival_checkpoint, v_misc_26, v_misc_17,
          grunt_vaults_focal, vaults_mumra_chevron
Vaults:3: nicolae_vaults_network_s, v_misc_2, vaults_room_pool,
          hangedman_vaults_hat, vaults_room_ringed_pool, v_misc_15, v_misc_18,
          nicolae_vaults_little_squares_6, hangedman_vaults_trim, serial_shops,
          shop
Vaults:4: v_alt_pattern_3, v_pattern_3, vaults_room_octagon,
          vaults_room_semicircle, grunt_vaults_hallway_short,
          vaults_mumra_chevron_long, dpeg_vaults_monster_row,
          ontoclasm_vaults_ligature, hangedman_vaults_trim,
          vaults_room_door_hall, vaults_room_pools, hangedman_vaults_cutoff,
          st_cross, nicolae_vaults_rhombus_7, ontoclasm_vaults_idyll,
          nicolae_vaults_angled_halls, uniq_mara
Vaults:5: serial_shops, uniq_jory
Abyss:3:  evilmike_abyss_exit_16, minivault_5, hangedman_decor_peaks_small,
          gammafunk_abyss_rune_reverse_zot, hangedman_abyss_exit_choices,
          nicolae_abyss_rune_left_handed, evilmike_abyss_exit_smiterflies
Ossuary:  ossuary_zaba_flooded
IceCv:    ice_cave_small_necro

Skill      XL: |  1  2  3  4  5  6  7  8  9 10 11 12 13 14 15 16 17 18 19 20 21 |
---------------+----------------------------------------------------------------+-----
Conjurations   | 1 2 3 4 |  4.0
Unarmed Combat | 1 2 3 4 5 7 8 10 11 13 14 15 | 15.0
Fighting       | 1 2 3 4 5 6 7 |  7.0
Fire Magic     | 3 4 |  4.7
Spellcasting   | 2 3 4 5 6 7 8 9 10 11 12 13 | 13.4
Earth Magic    | 2 4 6 8 9 11 13 14 15 17 18 19 21 22 | 22.5
Dodging        | 2 3 4 5 6 |  6.0
Transmutations | 5 6 |  6.6
Shields        | 4 8 9 |  9.0
Stealth        | |  1.0

Action                   |  1- 3 |  4- 6 |  7- 9 | 10-12 | 13-15 | 16-18 | 19-21 | 22-24 || total
-------------------------+-------+-------+-------+-------+-------+-------+-------+-------++-------
Melee: Unarmed           |    63 |   102 |   397 |   594 |  1018 |   800 |   976 |       ||  3950
       Punch             |     1 |     1 |     6 |    23 |    48 |    47 |     3 |       ||   129
       Giant spiked club |       |       |       |     3 |       |       |       |       ||     3
       Scimitar          |       |       |       |       |    10 |       |       |       ||    10
       Kick              |       |       |       |       |       |    66 |   299 |       ||   365
 Cast: Flame Tongue      |       |       |    19 |       |       |       |       |       ||    19
       Conjure Flame     |       |       |     4 |    33 |    54 |    13 |     2 |       ||   106
       Sticky Flame      |       |       |     7 |    36 |   123 |    27 |       |       ||   193
       Fireball          |       |       |       |       |     7 |       |       |       ||     7
       Statue Form       |       |       |       |       |     2 |    83 |    71 |       ||   156
       Regeneration      |       |       |       |       |     1 |    17 |     1 |       ||    19
       Shatter           |       |       |       |       |       |       |    13 |     3 ||    16
 Abil: End Transformatio |       |       |       |       |       |    22 |       |       ||    22
Evoke: Wand              |       |       |       |     4 |    15 |    14 |     3 |       ||    36
       Box of beasts     |       |       |       |       |       |     1 |       |       ||     1
  Use: Scroll            |       |     4 |     9 |     9 |    19 |    15 |     7 |     2 ||    65
       Potion            |       |       |     2 |     4 |    12 |     4 |       |       ||    22
 Stab: Sleeping          |     2 |       |     2 |       |     1 |     1 |     3 |       ||     9
       Distracted        |       |       |       |       |       |     2 |     1 |       ||     3
       Confused          |       |       |       |       |       |       |     1 |       ||     1
  Eat: Chunk             |     8 |     4 |    43 |    53 |   100 |   111 |    91 |       ||   410
       Ration            |       |       |       |     1 |     2 |     1 |     3 |       ||     7
Armor: Robe              |    13 |    20 |   105 |   175 |   275 |    10 |     4 |     1 ||   603
       Skin              |       |       |       |       |    20 |   758 |   560 |     8 ||  1346
Dodge: Dodged            |    19 |    41 |   131 |   252 |   526 |   627 |   407 |     4 ||  2007
Block: Shield            |       |       |       |       |       |       |   692 |     4 ||   696
       Rpst.: Scimitar   |       |       |       |       |     3 |       |       |       ||     3

Table legend:
 A = Spawn XP
 B = Non-spawn XP
 C = Spawn XP percentage of total XP
 D = Spawn monster count
 E = Non-spawn monster count
 F = Spawn count percentage of total count
 G = Total turns spent on level
                    A         B        C        D         E        F      G
               +---------+---------+-------+---------+---------+-------+---------
         Total |    9103 |  710332 |   1.3 |      25 |    1657 |   1.5 | 29637
               +---------+---------+-------+---------+---------+-------+---------
           D:1 |       0 |      35 |   0.0 |       0 |      15 |   0.0 |   641
           D:2 |       0 |      90 |   0.0 |       0 |      21 |   0.0 |   728
           D:3 |       0 |     272 |   0.0 |       0 |      35 |   0.0 |   505
           D:4 |       0 |    1338 |   0.0 |       0 |      42 |   0.0 |   974
           D:5 |       0 |     940 |   0.0 |       0 |      19 |   0.0 |   930
           D:6 |       0 |    1338 |   0.0 |       0 |      18 |   0.0 |   674
           D:7 |       0 |    1467 |   0.0 |       0 |      31 |   0.0 |   596
           D:8 |       0 |    1977 |   0.0 |       0 |      26 |   0.0 |   492
           D:9 |       0 |    3665 |   0.0 |       0 |      44 |   0.0 |   481
          D:10 |       0 |    1246 |   0.0 |       0 |      14 |   0.0 |   615
          D:11 |       0 |    4258 |   0.0 |       0 |      29 |   0.0 |   818
          D:12 |       0 |    4491 |   0.0 |       0 |      26 |   0.0 |   518
          D:13 |       0 |   17147 |   0.0 |       0 |      60 |   0.0 |  1207
          D:14 |       0 |    6967 |   0.0 |       0 |      18 |   0.0 |   683
          D:15 |       0 |   10194 |   0.0 |       0 |      20 |   0.0 |   314
        Lair:1 |       0 |    4177 |   0.0 |       0 |      19 |   0.0 |   495
        Lair:2 |       0 |    6528 |   0.0 |       0 |      24 |   0.0 |   670
        Lair:3 |       0 |    8032 |   0.0 |       0 |      34 |   0.0 |   677
        Lair:4 |       0 |    6893 |   0.0 |       0 |      20 |   0.0 |   545
        Lair:5 |       0 |    9402 |   0.0 |       0 |      32 |   0.0 |   814
        Lair:6 |       0 |   22452 |   0.0 |       0 |      62 |   0.0 |  1016
       Swamp:1 |       0 |   18699 |   0.0 |       0 |      32 |   0.0 |   446
       Swamp:2 |       0 |   14377 |   0.0 |       0 |      32 |   0.0 |   504
       Swamp:3 |       0 |   10297 |   0.0 |       0 |      25 |   0.0 |   251
       Swamp:4 |       0 |   30915 |   0.0 |       0 |      46 |   0.0 |   557
       Snake:1 |       0 |   14480 |   0.0 |       0 |      34 |   0.0 |   669
       Snake:2 |       0 |   24154 |   0.0 |       0 |      46 |   0.0 |   708
       Snake:3 |       0 |   17574 |   0.0 |       0 |      39 |   0.0 |   593
       Snake:4 |       0 |   85078 |   0.0 |       0 |     126 |   0.0 |  1491
         Orc:1 |       0 |    3034 |   0.0 |       0 |      46 |   0.0 |   616
         Orc:2 |       0 |    9831 |   0.0 |       0 |      67 |   0.0 |  1070
         Elf:1 |       0 |   29085 |   0.0 |       0 |      44 |   0.0 |  1277
         Elf:2 |       0 |   28088 |   0.0 |       0 |      38 |   0.0 |   497
         Elf:3 |       0 |   68314 |   0.0 |       0 |      64 |   0.0 |  1778
      Vaults:1 |       0 |   35825 |   0.0 |       0 |      56 |   0.0 |   793
      Vaults:2 |       0 |   61009 |   0.0 |       0 |      90 |   0.0 |   956
      Vaults:3 |       0 |   34451 |   0.0 |       0 |      61 |   0.0 |   630
      Vaults:4 |       0 |   31488 |   0.0 |       0 |      48 |   0.0 |   494
      Vaults:5 |       0 |   64924 |   0.0 |       0 |      61 |   0.0 |    17
       Abyss:3 |    9103 |    8654 |  51.3 |      25 |      15 |  62.5 |   663
       Ossuary |       0 |     652 |   0.0 |       0 |      24 |   0.0 |   312
         IceCv |       0 |    6494 |   0.0 |       0 |      54 |   0.0 |   869
               +---------+---------+-------+---------+---------+-------+---------
